 Dungeon Crawl Stone Soup version 0.16.0-17-g811c1d7 (webtiles) character file.

77117 HungrySpirit the Fencer (level 15, -15/111 HPs)
             Began as a Minotaur Fire Elementalist on Mar 21, 2015.
             Was an Initiate of Gozag.
             Demolished by a large abomination (24 damage)
             ... on level 1 of the Abyss.
             The game lasted 01:09:33 (27145 turns).

HungrySpirit the Fencer (MiFE)                     Turns: 27145, Time: 01:09:33

Health: -15/111    AC: 24    Str: 17    XL:     15   Next: 14%
Magic:  0/11       EV:  9    Int: 12    God:    Gozag
Gold:   6532       SH:  0    Dex: 11    Spells: 0 memorised, 16 levels left

rFire  + . .     SeeInvis +     e - +2 long sword (flame)
rCold  . . .     Clarity  .     k - +1 plate armour
rNeg   . . .     SustAb   .     (no shield)
rPois  .         Gourm    .     W - +0 hat
rElec  .         Spirit   +     s - +2 cloak
rCorr  .         Warding  .     U - +0 pair of gloves
rMut   .         Stasis   .     J - +0 pair of boots
MR     +....                    F - amulet of guardian spirit
Stlth  ..........               I - ring of see invisible
                                z - ring of protection from fire

@: drained, somewhat resistant to hostile enchantments, extremely unstealthy
A: retaliatory headbutt, horns 2, clumsy 1, frail 2, placid magic 1
a: Potion Petition, Call Merchant, Bribe Branch, Renounce Religion


You were on level 1 of the Abyss.
You worshipped Gozag.
Gozag was noncommittal.
You were not hungry.

You visited 4 branches of the dungeon, and saw 25 of its levels.
You visited the Abyss 1 time.
You also visited: Volcano.

You collected 7779 gold pieces.
You paid 1247 gold pieces to Gozag.

Inventory:

Hand weapons
 e - a +2 long sword of flaming (weapon)
 u - a +1 dagger of venom
Armour
 k - a +1 plate armour (worn)
 s - a +2 cloak (worn)
 J - a +0 pair of boots (worn)
 O - a +2 large shield
 U - a +0 pair of gloves (worn)
 W - a +0 hat (worn)
Jewellery
 z - a ring of protection from fire (left hand)
 F - an amulet of guardian spirit (around neck)
 I - a ring of see invisible (right hand)
Magical devices
 m - a wand of cold (10)
 n - a wand of disintegration (10)
 q - a wand of lightning (5)
 E - a wand of hasting (4)
 K - a wand of magic darts (36)
 P - a wand of digging (7)
 Q - a wand of fireball (5)
 X - a wand of teleportation (8)
 Z - a wand of lightning (7)
Scrolls
 f - 5 scrolls of remove curse
 r - a scroll of magic mapping
 w - a scroll of noise
 y - a scroll of amnesia
 A - 2 scrolls of fog
 C - 2 scrolls of enchant weapon
 N - 3 scrolls of teleportation
Potions
 a - 4 potions of berserk rage
 g - 4 potions of haste
 h - 5 potions of curing
 i - 3 potions of agility
 j - 7 potions of restore abilities
 l - a potion of resistance
 t - 2 potions of magic
 L - a potion of invisibility
 M - 4 potions of might
 S - 2 potions of mutation
Books
 d - a book of the Warp

   Spells                             Type                      Level
   a - Recall                         Summoning/Translocation      3
   b - Control Teleport               Charms/Translocation         4
   c - Force Lance                    Conjuration/Translocation    4
   d - Phase Shift                    Translocation                5
   e - Warp Weapon                    Charms/Translocation         5
   f - Gell's Gravitas                Hexes/Translocation          5
   g - Summon Forest                  Summoning/Translocation      5
 G - a book of Enchantments

   Spells                             Type                      Level
   a - Tukima's Dance                 Hexes                        3
   b - Cause Fear                     Hexes                        4
   c - Silence                        Hexes/Air                    5
   d - Deflect Missiles               Charms/Air                   6
   e - Haste                          Charms                       6
   f - Discord                        Hexes                        8
Miscellaneous
 o - a lamp of fire
 H - a stone of tremors
Comestibles
 c - 12 bread rations


   Skills:
 + Level 14.9(14.7) Fighting
 - Level 10.1(14.0) Short Blades
 * Level 17.5(18.2) Long Blades
 + Level 14.9(14.6) Armour
 + Level 8.9(8.7) Dodging
 - Level 1.5(1.4) Stealth
 + Level 5.1(5.0) Shields
 - Level 1.3(1.2) Spellcasting
   Level 0.6(0.4) Conjurations
   Level 2.1(2.0) Fire Magic


You had 16 spell levels left.
You didn't know any spells.

Dungeon Overview and Level Annotations

Branches:
Dungeon (12/15)            Temple (1/1) D:6            Lair (8/8) D:8
  Swamp (0/5) Lair:3       Spider (0/5) Lair:3          Orc (4/4) D:10
    Elf (0/3) Orc:3
  Slime: Lair:6-8

Altars:
Cheibriados
Dithmenos
Elyvilon
Fedhas
Gozag
Kikubaaqudgha
Makhleb
Qazlal
Ru
Sif Muna
Vehumet
Xom
Yredelemnul
Beogh

Shops:
D:4 (

Annotations:
D:9 exclusion: orange crystal statue
Lair:5 exclusion: 3 oklob plants
Lair:6 exclusion: 2 oklob plants
Orc:3 Psyche


Innate Abilities, Weirdness & Mutations

You reflexively headbutt those who attack you in melee.
You have a pair of horns on your head.
[You are clumsy. (Dex -2)]
[You are very frail (-20% HP).]
[Your spells are a little easier to cast, but a little less powerful.]


Message History

Drink which item? (? for menu, Esc to quit)
You feel better.
You feel less woody.
Your +2 cloak unmelds from your body.
Your +0 hat unmelds from your body.
Your +0 pair of gloves unmelds from your body.
Your +0 pair of boots unmelds from your body.
Your +1 plate armour unmelds from your body.
The large abomination hits you.
* * * LOW HITPOINT WARNING * * *
Unknown command.
Drink which item? (? for menu, Esc to quit)
You feel better. The large abomination hits you!!
* * * LOW HITPOINT WARNING * * *
A neqoxec comes into view.
Unknown command.
Unknown command.
Drink which item? (? for menu, Esc to quit)
You feel better. The large abomination hits you!!
You die...
Your body crumbles into a pile of gold.

.. ..# .# ##3 # # ##
# . ###...# #5..###..
...#..(.. .....#. .
.......X. .. .......
...#..X # ....# . .
#...###.. # # ##X##
## # . # #.x@###.X .
## #.....#.. #.. .. .
............ .. ..
...#.....#.....#.....
..###...###...### ..
# ##.## #.# ## # ..
#... # .. ... #.....
. . # . . .......


You could see a tentacled starspawn, a large abomination, a neqoxec and a small
abomination.

Vanquished Creatures
  A tentacled starspawn (Abyss:1)
  Maud (Lair:8)
  A stone giant (Orc:3)
  The ghost of ghwc the Brawler, a powerful TrMo of Nemelex Xobeh (Lair:8)
  Harold (D:11)
  6 hydras
  Erica (Orc:2)
  3 catoblepae (Lair:8)
  11 death yaks (Lair:8)
  A wretched star (Abyss:1)
  A skeletal warrior (D:11)
  A spatial maelstrom (Abyss:1)
  A lindwurm (Lair:5)
  A giant orange brain (Abyss:1)
  3 hill giants (D:10)
  2 oklob plants
  An orc knight (Orc:3)
  2 griffons
  2 manticores (D:11)
  15 elephants
  A worldbinder (Abyss:1)
  19 spiny frogs
  2 torpor snails
  The ghost of HungrySpirit the Skirmisher, an experienced MiFE of Gozag (D:5)
  5 black mambas
  2 gargoyles (D:11)
  7 komodo dragons
  3 fire drakes
  A hellwing (Abyss:1)
  An ancient zyme (Abyss:1)
  3 kobold demonologists (D:11)
  A giant leech (Lair:3)
  A harpy zombie (Abyss:1)
  4 trolls
  3 polar bears
  Prince Ribbit (D:6)
  A blue devil (Abyss:1)
  18 blink frogs
  A deep elf mage (D:10)
  A two-headed ogre (D:8)
  A jumping spider (Lair:3)
  3 small abominations (Abyss:1)
  2 wandering mushrooms
  A trapdoor spider (D:10)
  2 basilisks
  2 hogs (Volcano)
  A chaos spawn (Abyss:1)
  41 yaks
  2 ynoxinuls (Abyss:1)
  10 hippogriffs
  A human (D:7)
  A deep elf fighter (Volcano)
  3 wargs (Orc:3)
  14 water moccasins
  10 porcupines
  30 wolves
  3 ice beasts
  2 wasps
  2 black bears
  17 orc warriors
  13 ogres
  4 phantoms
  9 crocodiles
  11 centaurs
  Sigmund (D:4)
  4 big kobolds
  21 giant frogs
  A gnoll sergeant (D:7)
  3 scorpions
  6 killer bees (D:11)
  8 wights
  2 crimson imps
  A goliath beetle (D:9)
  18 orc priests
  3 centaur zombies
  A giant frog zombie (D:6)
  16 hounds
  A jelly (D:10)
  9 iguanas
  4 centaur skeletons
  A quasit (D:5)
  24 orc wizards
  5 worker ants
  9 sheep
  A hound skeleton (D:11)
  A mummy (D:8)
  13 gnolls
  23 adders
  3 shadow imps
  A giant mite (D:4)
  72 river rats
  5 ufetubi (Abyss:1)
  An adder skeleton (D:4)
  5 giant geckos
  An ooze (D:1)
  121 orcs
  3 ball pythons
  11 bats
  A bat skeleton (D:4)
  2 giant cockroaches
  18 hobgoblins
  10 jackals
  22 kobolds
  13 quokkas
  A giant gecko skeleton (D:8)
  A giant gecko zombie (D:6)
  6 giant newts
  A giant spore (D:9)
  23 goblins
  A quokka skeleton (D:6)
  12 rats
  3 fungi
830 creatures vanquished.

Vanquished Creatures (others)
  3 sheep (Lair:6)
  22 fungi
  11 plants
  7 starspawn tentacles (Abyss:1)
  607 starspawn tentacle segments (Abyss:1)
650 creatures vanquished.

Grand Total: 1480 creatures vanquished

Notes
Turn   | Place    | Note
--------------------------------------------------------------
     0 | D:1      | HungrySpirit, the Minotaur Fire Elementalist, began the quest for the Orb.
     0 | D:1      | Reached XP level 1. HP: 14/14 MP: 2/2
   342 | D:1      | Reached skill level 1 in Fighting
   451 | D:1      | Reached skill level 1 in Armour
   562 | D:1      | Reached XP level 2. HP: 21/23 MP: 2/2
  1026 | D:2      | Reached skill level 1 in Short Blades
  1525 | D:2      | Reached XP level 3. HP: 25/28 MP: 3/3
  1785 | D:3      | Found a radiant altar of Vehumet.
  2322 | D:3      | Reached XP level 4. HP: 35/37 MP: 4/4
  3012 | D:4      | Reached skill level 3 in Fighting
  3012 | D:4      | Reached XP level 5. HP: 42/45 MP: 4/4
  3053 | D:4      | Noticed an ogre
  3072 | D:4      | Killed an ogre
  3072 | D:4      | Reached skill level 4 in Short Blades
  3253 | D:4      | Reached XP level 6. HP: 51/51 MP: 5/5
  3463 | D:4      | Noticed Sigmund
  3477 | D:4      | Killed Sigmund
  3859 | D:4      | Found a shimmering altar of Xom.
  4226 | D:4      | Found Kluac's Antique Weapon Shop.
  4283 | D:5      | Entered Level 5 of the Dungeon
  4297 | D:5      | Reached skill level 5 in Short Blades
  4303 | D:5      | Reached XP level 7. HP: 55/60 MP: 6/6
  4742 | D:5      | Noticed HungrySpirit's ghost (experienced MiFE)
  4784 | D:5      | Killed HungrySpirit's ghost
  4784 | D:5      | Reached skill level 5 in Fighting
  4784 | D:5      | Reached skill level 6 in Short Blades
  4784 | D:5      | Reached skill level 5 in Armour
  5326 | D:5      | Reached XP level 8. HP: 65/69 MP: 6/6
  5378 | D:5      | Reached skill level 7 in Short Blades
  5604 | D:6      | Found a basalt altar of Yredelemnul.
  5620 | D:6      | Found a staircase to the Ecumenical Temple.
  5635 | Temple   | Entered the Ecumenical Temple
  5646 | Temple   | Became a worshipper of Gozag Ym Sagoz the Greedy
  5725 | D:6      | Noticed Prince Ribbit
  5747 | D:6      | Killed Prince Ribbit
  5767 | D:6      | Reached skill level 8 in Short Blades
  6187 | D:6      | Found a deep blue altar of Sif Muna.
  6433 | D:7      | Reached XP level 9. HP: 33/79 MP: 7/7
  6437 | D:7      | Reached skill level 9 in Short Blades
  7441 | D:7      | Found a snail-covered altar of Cheibriados.
  8000 | D:8      | Found a staircase to the Lair.
  8022 | D:8      | Reached skill level 10 in Short Blades
  8173 | D:8      | Found a shadowy altar of Dithmenos.
  8176 | D:8      | Found a white marble altar of Elyvilon.
  8196 | D:8      | Found an ancient bone altar of Kikubaaqudgha.
  8199 | D:8      | Found a basalt altar of Yredelemnul.
  8261 | D:8      | Reached skill level 1 in Long Blades
  8665 | D:9      | Found a stormy altar of Qazlal.
  8740 | D:9      | Noticed an orange crystal statue
  8966 | D:9      | Reached XP level 10. HP: 90/90 MP: 7/7
  9156 | D:9      | Got a faintly glowing rapier
  9181 | D:9      | Identified the cursed +3 rapier of Gallantry {pierce, Dex+4} (You found it on level 9 of the Dungeon)
  9345 | D:9      | You fall through a shaft for 3 floors!
  9378 | D:11     | Noticed Harold
  9388 | D:11     | Reached skill level 5 in Long Blades
  9419 | D:11     | Killed Harold
  9497 | D:10     | Entered Level 10 of the Dungeon
  9727 | D:10     | Noticed a hill giant
  9740 | D:10     | Killed a hill giant
  9898 | D:10     | Reached skill level 10 in Fighting
  9993 | D:10     | Found a staircase to the Orcish Mines.
 10042 | D:10     | Noticed a hill giant
 10079 | D:9      | Reached skill level 10 in Armour
 10363 | D:10     | Noticed a hill giant
 10446 | D:10     | Killed a hill giant
 10446 | D:10     | Reached XP level 11. HP: 61/100 MP: 8/8
 10490 | D:10     | Killed a hill giant
 10848 | D:11     | Noticed an ice devil
 10863 | D:11     | Reached skill level 10 in Long Blades
 11192 | D:11     | Noticed a manticore
 11202 | D:11     | Killed a manticore
 11422 | D:11     | Noticed a manticore
 11433 | D:11     | Killed a manticore
 11827 | D:12     | Reached skill level 11 in Armour
 11943 | D:12     | Noticed a skeletal warrior
 11943 | D:12     | Noticed a skeletal warrior
 11969 | D:11     | Killed a skeletal warrior
 12501 | Lair:1   | Entered Level 1 of the Lair of Beasts
 12929 | Lair:1   | Reached skill level 12 in Long Blades
 13089 | Lair:1   | Reached XP level 12. HP: 97/110 MP: 9/9
 13737 | Lair:1   | Noticed a five-headed hydra
 13747 | Lair:1   | Killed a one-headed hydra
 14461 | Lair:2   | Reached skill level 13 in Long Blades
 15500 | Lair:3   | Reached skill level 14 in Long Blades
 15736 | Lair:3   | Found a hole to the Spider Nest.
 15806 | Lair:3   | Reached XP level 13. HP: 114/119 MP: 9/9
 15980 | Lair:3   | Found a dark tunnel.
 16028 | Volcano  | Entered a volcano
 16418 | Lair:3   | Found a staircase to the Swamp.
 17023 | Lair:4   | Reached skill level 5 in Dodging
 17915 | Lair:5   | Reached skill level 15 in Long Blades
 19015 | Lair:6   | Found a white marble altar of Elyvilon.
 20207 | Lair:7   | Reached XP level 14. HP: 130/130 MP: 10/10
 20332 | Lair:7   | Reached skill level 16 in Long Blades
 20515 | Lair:8   | Entered Level 8 of the Lair of Beasts
 20516 | Lair:8   | Noticed Maud
 20531 | Lair:8   | Killed Maud
 21076 | Lair:8   | Reached skill level 1 in Shields
 22715 | Lair:8   | Noticed ghwc's ghost (powerful TrMo)
 22960 | Lair:8   | Reached skill level 17 in Long Blades
 23039 | Lair:8   | Killed ghwc's ghost
 23995 | Orc:1    | Entered Level 1 of the Orcish Mines
 25178 | Orc:2    | Found a roughly hewn altar of Beogh.
 25352 | Orc:2    | Noticed Erica
 25359 | Orc:2    | Killed Erica
 25666 | Orc:3    | Found a staircase to the Elven Halls.
 26605 | Orc:4    | Entered Level 4 of the Orcish Mines
 26605 | Orc:4    | Noticed Psyche
 26789 | Orc:3    | Cast into the Abyss (Psyche)
 26890 | Abyss:1  | Reached XP level 15. HP: 109/139 MP: 9/11
 26903 | Abyss:1  | Noticed a tentacled starspawn
 26922 | Abyss:1  | Killed a tentacled starspawn
 26924 | Abyss:1  | Reached skill level 5 in Shields
 27072 | Abyss:1  | Noticed a tentacled starspawn
 27102 | Abyss:1  | HP: 5/111 [harpy zombie (1)]
 27140 | Abyss:1  | HP: 6/166 [large abomination (21)]
 27145 | Abyss:1  | Demolished by a large abomination

Action                   |  1- 3 |  4- 6 |  7- 9 | 10-12 | 13-15 || total
-------------------------+-------+-------+-------+-------+-------++-------
Melee: Unarmed           |    14 |       |       |       |       ||    14
       Dagger            |   114 |   115 |   503 |    26 |       ||   758
       Rapier            |       |       |       |   520 |       ||   520
       Falchion          |       |       |       |   334 |    33 ||   367
       Long sword        |       |       |       |       |  1225 ||  1225
Invok: Potion Petition   |       |       |       |     2 |     2 ||     4
Evoke: Wand              |     2 |       |     1 |     1 |     2 ||     6
  Use: Scroll            |       |     4 |       |    18 |     8 ||    30
       Potion            |       |       |       |       |    17 ||    17
 Stab: Distracted        |       |       |       |     5 |     8 ||    13
  Eat: Chunk             |     4 |     2 |     3 |       |       ||     9
       Meat ration       |       |     1 |       |     2 |     2 ||     5
       Beef jerky        |       |       |     3 |     5 |     3 ||    11
       Pizza             |       |       |     5 |     2 |     2 ||     9
       Fruit             |       |       |       |     5 |     7 ||    12
       Bread ration      |       |       |       |       |     3 ||     3
